 Dungeon Crawl Stone Soup version 0.29-a0-901-g46a8461d6a (webtiles) character file.

Game seed: 10358146754513780541

0 night the Grave Robber (level 1, 0/14 HPs)
             Began as a Ghoul Necromancer on July 23, 2022.
             Slain by a kobold
             ... wielding a +0 dagger
              (3 damage)
             ... on level 1 of the Dungeon.
             The game lasted 00:00:41 (51 turns).

night the Grave Robber (Ghoul Necromancer)            Turns: 51, Time: 00:00:42

Health: 0/14       AC:  2    Str: 11    XL:     1   Next: 10%
Magic:  1/2        EV: 12    Int: 10    God:
Gold:   0          SH:  0    Dex:  9    Spells: 2/3 levels left

rFire   . . .      SeeInvis .   d - +0 short sword
rCold   + . .      Faith    .   (no shield)
rNeg    + + +      Spirit   .   a - +0 robe
rPois   ∞          Reflect  .   (no helmet)
rElec   .          Harm     .   (no cloak)
rCorr   .          Rampage  .   (no gloves)
Will    .....                   (no boots)
Stlth   ++........              (no amulet)
HPRegen 0.00/turn               (no ring)
MPRegen 0.08/turn               (no ring)

@: inhibited regen
A: claws 1, cold resistance 1, negative energy resistance 3, inhibited
regeneration, torment resistance 2, devour on kill
a: no special abilities


You were on level 1 of the Dungeon.
You visited 1 branch of the dungeon, and saw 1 of its levels.

Inventory:

Hand Weapons
 d - a +0 short sword (weapon)
Missiles
 c - 5 stones
Armour
 a - a +0 robe (worn)
Potions
 b - a potion of magic


   Skills:
 + Level 0.0 Fighting
 - Level 1.7 Dodging
 - Level 2.1 Stealth
 + Level 1.7 Spellcasting
 + Level 4.0 Necromancy


You had 2 spell levels left.
You knew the following spells:

 Your Spells              Type           Power      Damage    Failure   Level
a - Necrotise             Necr           32%        1d5       6%          1

Your spell library contained the following spells:

 Spells                   Type           Power      Damage    Failure   Level
 Vampiric Draining        Necr           8%         2d6       19%         3
 Animate Dead             Necr           8%         N/A       52%         4
 Agony                    Necr           8%         N/A       86%         5


Dungeon Overview and Level Annotations

Branches:
Dungeon (1/15)

Altars:


Innate Abilities, Weirdness & Mutations

You are immune to poison.
You have sharp fingernails.
Your flesh is cold resistant. (rC+)
You are immune to negative energy. (rN+++)
You do not regenerate when monsters are visible.
You are immune to unholy pain and torment.
You thrive by killing the living.


Message History

A bat comes into view.
The bat moves out of view.
The bat hits you. The kobold attacks as you move away!
The kobold hits you but does no damage.
Your kobold skeleton hits the bat.
The bat completely misses you.
You see here a +0 club.
You swap places.
An endoplasm comes into view.
The bat hits you but does no damage. The kobold hits you with a +0 dagger.
Found 4 gold pieces.
The bat hits your kobold skeleton. The endoplasm barely misses you.
Things that are here:
a +0 short sword; 5 stones
d - a +0 short sword (weapon)
Casting: Necrotise (safe; 6% risk of failure)
Confirm with . or Enter, or press ? or * to list all spells.
You don't have enough magic to cast this spell.
The bat hits your kobold skeleton. The kobold closely misses you.
The kobold attacks as you move away! The kobold barely misses you.
You see here a +0 club.
The endoplasm attacks as you move away! The endoplasm hits you.
The bat barely misses your kobold skeleton.
You swap places.
The kobold attacks as you move away! The kobold hits you but does no damage.
The endoplasm attacks as you move away! The endoplasm completely misses you.
The bat hits you.
The endoplasm hits your kobold skeleton.
The kobold hits your kobold skeleton with a +0 dagger.
The bat misses you.
Your kobold skeleton hits the bat but does no damage.
You barely miss the bat. The bat hits you but does no damage.
The bat hits your kobold skeleton. x2
Your kobold skeleton is destroyed!
The endoplasm freezes you.
You are frozen.
You resist. The kobold hits you with a +0 dagger.
You miss the bat. The bat closely misses you. The endoplasm freezes you.
You are frozen.
You resist. The kobold hits you with a +0 dagger.
* * * LOW HITPOINT WARNING * * *
The kobold attacks as you move away! The kobold hits you with a +0 dagger.
You die...

...... ....... ....
#####....... ... #
####.......[... ..#.# #
#...........^. ..#.#.#
..#.........## .# .......
<.#..........#..# ##.......
..#.##.......#.#### #........
###.##..........@J###(......$
#............#.##K.).........
########.....#.###...........
#.................#........
#######.####...............
#.###.....#.##.......
#.##..#.....# .......
#.##.##...### .......
#.#..##...# ......


You could see an endoplasm and a kobold.

Vanquished Creatures
  A kobold (D:1)
1 creature vanquished.

Notes
Turn   | Place    | Note
-------+----------+-------------------------------------------
     0 | D:1      | night the Ghoul Necromancer began the quest for the Orb.
     0 | D:1      | Reached XP level 1. HP: 14/14 MP: 2/2
    51 | D:1      | Slain by a kobold

Illustrated notes

Levels and vault maps discovered:
D:1:      amcnicky_arrival_single_pillar, layout_rooms

Action                   || total
-------------------------++-------
Melee: Short sword       ||     2
 Cast: Necrotise         ||     2
Armor: Robe              ||     4
Dodge: Dodged            ||     7

Table legend: (Time is in decaauts)
 A = Elapsed time spent in this place.
 B = Non-inter-level travel time spent in this place.
 C = Inter-level travel time spent in this place.
 D = Time resting spent in this place.
 E = Time spent auto-exploring this place.
 F = Levels seen in this place.
 G = Mean time per level.
                   A        B        C        D        E       F      G
               +--------+--------+--------+--------+--------+-----+--------+
         Total |     50 |     50 |      0 |      0 |     29 |   1 |   50.0 |
       Dungeon |     50 |     50 |      0 |      0 |     29 |   1 |   50.0 |
               +--------+--------+--------+--------+--------+-----+--------+

Top non-repeatable levels by time:
     D:1: 50 daAuts
